| TOP OF THE 1ST |
|
Helena Brewers batting - Pitching for San Diego (APP) Padres : RHP Antonio Reyes
|
|
Pitching: RHP Antonio Reyes
|
|
|
Batting: RHB Mohammed bin Ubaida
|
0-0: Fly out, F7 (Flyball, 7, EV 86.2 MPH)
|
|
Batting: RHB Frank Pena
|
0-0: Ball 1-0: Ground out 5-3 (Groundball, 5L, EV 107.5 MPH)
|
|
Batting: LHB Fumito Sakurai
|
0-0: SOLO HOME RUN (Flyball, 89XD, EV 100.0 MPH), Distance : 418 ft
|
|
Batting: RHB Xiao-shuang Au
|
0-0: Called Strike 0-1: Called Strike 0-2: Strikes out looking
|
| Top of the 1st over - 1 run, 1 hit, 0 errors, 0 left on base; Helena 1 - San Diego (APP) 0 |
| BOTTOM OF THE 1ST |
|
San Diego (APP) Padres batting - Pitching for Helena Brewers : RHP Junzo Yanagisawa
|
|
Pitching: RHP Junzo Yanagisawa
|
|
|
Batting: RHB Elias Vences
|
0-0: Called Strike 0-1: Fly out, F7 (Flyball, 7LS, EV 75.6 MPH)
|
|
Batting: RHB Alex Collazo
|
0-0: Foul Ball, location: 2F 0-1: Ball 1-1: Foul Ball, location: 2F 1-2: Ball 2-2: Foul Ball, location: 2F 2-2: Strikes out looking
|
|
Batting: RHB Devon Dill
|
0-0: Ball 1-0: Foul Ball, location: 2F 1-1: Foul Ball, location: 2F 1-2: Foul Ball, location: 2F 1-2: Ball 2-2: Ball 3-2: Foul Ball, location: 2F 3-2: Foul Ball, location: 2F 3-2: Foul Ball, location: 2F 3-2: Foul Ball, location: 2F 3-2: SOLO HOME RUN (Flyball, 78XD, EV 115.0 MPH), Distance : 422 ft
|
|
Batting: LHB Justin Daley
|
0-0: Ball 1-0: Called Strike 1-1: Called Strike 1-2: SINGLE (Line Drive, 8LS, EV 108.8 MPH)
|
|
Batting: RHB Yuusei Narita
|
0-0: Called Strike 0-1: Ball 1-1: Ball 2-1: Foul Ball, location: 2F 2-2: Ball 3-2: SINGLE (Groundball, 4S, EV 98.1 MPH) Justin Daley to second Justin Daley to third
|
|
Batting: RHB Victor Contreras
|
0-0: Called Strike 0-1: Called Strike 0-2: Foul Ball, location: 2F 0-2: Ball 1-2: Strikes out swinging
|
| Bottom of the 1st over - 1 run, 3 hits, 0 errors, 2 left on base; Helena 1 - San Diego (APP) 1 |
| TOP OF THE 2ND |
|
Helena Brewers batting - Pitching for San Diego (APP) Padres : RHP Antonio Reyes
|
|
Batting: LHB John Fortin
|
0-0: Ball 1-0: Ball 2-0: Foul Ball, location: 2F 2-1: Foul Ball, location: 2F 2-2: Strikes out swinging
|
|
Batting: RHB Curtis Montgomery
|
0-0: Ground out U3 (Groundball, 34, EV 86.9 MPH)
|
|
Batting: LHB Alex Chairez
|
0-0: Ball 1-0: Swinging Strike 1-1: Ball 2-1: Foul Ball, location: 2F 2-2: Foul Ball, location: 2F 2-2: SINGLE (Groundball, 4M, EV 103.8 MPH) (infield hit)
|
|
Batting: RHB Justin Marino
|
0-0: Ball 1-0: Ball 2-0: Called Strike 2-1: Ball 3-1: Swinging Strike 3-2: Foul Ball, location: 2F 3-2: Strikes out swinging
|
| Top of the 2nd over - 0 runs, 1 hit, 0 errors, 1 left on base; Helena 1 - San Diego (APP) 1 |
| BOTTOM OF THE 2ND |
|
San Diego (APP) Padres batting - Pitching for Helena Brewers : RHP Junzo Yanagisawa
|
|
Batting: LHB Ramon Padilla
|
0-0: Ball 1-0: Called Strike 1-1: Fly out, F9 (Flyball, 9D, EV 101.9 MPH)
|
|
Batting: SHB Shawnie Codbucket
|
0-0: Ball 1-0: Fly out, F8 (Flyball, 78M, EV 94.4 MPH)
|
|
Batting: SHB Yu-hsui Lew
|
0-0: Ball 1-0: Ball 2-0: Ball 3-0: Called Strike 3-1: Called Strike 3-2: Strikes out swinging
|
| Bottom of the 2nd over - 0 runs, 0 hits, 0 errors, 0 left on base; Helena 1 - San Diego (APP) 1 |
| TOP OF THE 3RD |
|
Helena Brewers batting - Pitching for San Diego (APP) Padres : RHP Antonio Reyes
|
|
Batting: RHB Jesus Menjivar
|
0-0: Ball 1-0: Called Strike 1-1: Foul Ball, location: 2F 1-2: Strikes out swinging
|
|
Batting: RHB Mohammed bin Ubaida
|
0-0: Ball 1-0: Foul Ball, location: 2F 1-1: Ball 2-1: Called Strike 2-2: Strikes out looking
|
|
Batting: RHB Frank Pena
|
0-0: Foul Ball, location: 2F 0-1: Foul Ball, location: 2F 0-2: Ball 1-2: Ball 2-2: Strikes out looking
|
| Top of the 3rd over - 0 runs, 0 hits, 0 errors, 0 left on base; Helena 1 - San Diego (APP) 1 |
| BOTTOM OF THE 3RD |
|
San Diego (APP) Padres batting - Pitching for Helena Brewers : RHP Junzo Yanagisawa
|
|
Batting: RHB Elias Vences
|
0-0: Ball 1-0: Called Strike 1-1: Swinging Strike 1-2: Ball 2-2: Foul Ball, location: 2F 2-2: Ball 3-2: Ground out 6-3 (Groundball, 6, EV 83.1 MPH)
|
|
Batting: RHB Alex Collazo
|
0-0: Swinging Strike 0-1: Called Strike 0-2: Foul Ball, location: 2F 0-2: SINGLE (Flyball, 9LS, EV 86.2 MPH)
|
|
Batting: RHB Devon Dill
|
0-0: Called Strike Alex Collazo steals 2nd base 0-1: Foul Ball, location: 2F 0-2: Ground out 4-3 (Groundball, 4, EV 84.4 MPH) Alex Collazo to third
|
|
Batting: LHB Justin Daley
|
0-0: Swinging Strike 0-1: Ball 1-1: Ball 2-1: Ball 3-1: SINGLE (Line Drive, 4D, EV 98.8 MPH) Alex Collazo scores
|
|
Batting: RHB Yuusei Narita
|
0-0: Ball 1-0: Foul Ball, location: 2F 1-1: Ball 2-1: SINGLE (Groundball, 56D, EV 101.2 MPH) Justin Daley to second
|
|
Batting: RHB Victor Contreras
|
0-0: Ball 1-0: Ground out 5-3 (Groundball, 5S, EV 80.6 MPH)
|
| Bottom of the 3rd over - 1 run, 3 hits, 0 errors, 2 left on base; Helena 1 - San Diego (APP) 2 |
| TOP OF THE 4TH |
|
Helena Brewers batting - Pitching for San Diego (APP) Padres : RHP Antonio Reyes
|
|
Batting: LHB Fumito Sakurai
|
0-0: Foul Ball, location: 2F 0-1: Ball 1-1: Ground out 2-3 (Groundball, 13S, EV 67.5 MPH)
|
|
Batting: RHB Xiao-shuang Au
|
0-0: Called Strike 0-1: Swinging Strike 0-2: Foul Ball, location: 2F 0-2: Ball 1-2: Strikes out swinging
|
|
Batting: LHB John Fortin
|
0-0: Ball 1-0: Swinging Strike 1-1: Swinging Strike 1-2: Strikes out swinging
|
| Top of the 4th over - 0 runs, 0 hits, 0 errors, 0 left on base; Helena 1 - San Diego (APP) 2 |
| BOTTOM OF THE 4TH |
|
San Diego (APP) Padres batting - Pitching for Helena Brewers : RHP Junzo Yanagisawa
|
|
Batting: LHB Ramon Padilla
|
0-0: Ball 1-0: Called Strike 1-1: Swinging Strike 1-2: Ball 2-2: Ground out 6-3 (Groundball, 6S, EV 85.0 MPH)
|
|
Batting: SHB Shawnie Codbucket
|
0-0: Ball 1-0: Ground out 6-3 (Groundball, 56, EV 81.9 MPH)
|
|
Batting: SHB Yu-hsui Lew
|
0-0: Swinging Strike 0-1: Ball 1-1: Called Strike 1-2: Strikes out looking
|
| Bottom of the 4th over - 0 runs, 0 hits, 0 errors, 0 left on base; Helena 1 - San Diego (APP) 2 |
| TOP OF THE 5TH |
|
Helena Brewers batting - Pitching for San Diego (APP) Padres : RHP Antonio Reyes
|
|
Batting: RHB Curtis Montgomery
|
0-0: Ball 1-0: Foul Ball, location: 2F 1-1: Foul Ball, location: 2F 1-2: Strikes out swinging
|
|
Batting: LHB Alex Chairez
|
0-0: TRIPLE (Line Drive, 89XD, EV 105.6 MPH)
|
|
Batting: RHB Justin Marino
|
0-0: Bunted foul 0-1: Swinging Strike 0-2: Ground out 5-3 (Groundball, 56S, EV 66.2 MPH) Alex Chairez scores
|
|
Batting: RHB Jesus Menjivar
|
0-0: Foul Ball, location: 2F 0-1: Called Strike 0-2: Ball 1-2: Ball 2-2: Ball 3-2: Ground out 5-3 (Groundball, 56, EV 102.5 MPH)
|
| Top of the 5th over - 1 run, 1 hit, 0 errors, 0 left on base; Helena 2 - San Diego (APP) 2 |
| BOTTOM OF THE 5TH |
|
San Diego (APP) Padres batting - Pitching for Helena Brewers : RHP Junzo Yanagisawa
|
|
Batting: RHB Elias Vences
|
0-0: Ball 1-0: Foul Ball, location: 2F 1-1: Ball 2-1: Foul Ball, location: 2F 2-2: Foul Ball, location: 2F 2-2: SINGLE (Groundball, 4MD, EV 100.0 MPH)
|
|
Batting: RHB Alex Collazo
|
0-0: Ball Elias Vences steals 2nd base 1-0: Swinging Strike 1-1: Fly out, F4 (Popup, 4D, EV 65.0 MPH)
|
|
Batting: RHB Devon Dill
|
0-0: Intentional Walk
|
|
Batting: LHB Justin Daley
|
0-0: Called Strike Elias Vences steals 3rd base Devon Dill to second 0-1: Ball 1-1: Ball Wild Pitch! Elias Vences scores Devon Dill to third 2-1: Ball 3-1: Fly out, F7 (Flyball, 7D, EV 86.2 MPH) Runner from 3rd tags up, SCORES, no throw by LF
|
|
Batting: RHB Yuusei Narita
|
0-0: Called Strike 0-1: Ball 1-1: Ground out 1-6-3 (Groundball, 15S, EV 105.0 MPH)
|
| Bottom of the 5th over - 2 runs, 1 hit, 0 errors, 0 left on base; Helena 2 - San Diego (APP) 4 |
| TOP OF THE 6TH |
|
Helena Brewers batting - Pitching for San Diego (APP) Padres : RHP Antonio Reyes
|
|
Batting: RHB Mohammed bin Ubaida
|
0-0: Called Strike 0-1: Ball 1-1: Ball 2-1: Ground out 6-3 (Groundball, 6, EV 88.1 MPH)
|
|
Batting: RHB Frank Pena
|
0-0: Ball 1-0: Called Strike 1-1: Ball 2-1: Foul Ball, location: 2F 2-2: Strikes out looking
|
|
Batting: LHB Fumito Sakurai
|
0-0: Foul Ball, location: 2F 0-1: Called Strike 0-2: Ball 1-2: Fly out, F7 (Flyball, 7, EV 86.9 MPH)
|
| Top of the 6th over - 0 runs, 0 hits, 0 errors, 0 left on base; Helena 2 - San Diego (APP) 4 |
| BOTTOM OF THE 6TH |
|
San Diego (APP) Padres batting - Pitching for Helena Brewers : RHP Junzo Yanagisawa
|
|
Batting: RHB Victor Contreras
|
0-0: Called Strike 0-1: Ground out U3 (Groundball, 34, EV 83.8 MPH)
|
|
Batting: LHB Ramon Padilla
|
0-0: Foul Ball, location: 2F 0-1: DOUBLE (Line Drive, 7LS, EV 91.2 MPH)
|
|
Batting: SHB Shawnie Codbucket
|
0-0: Intentional Walk
|
|
Batting: SHB Yu-hsui Lew
|
0-0: Foul Ball, location: 2F 0-1: Called Strike 0-2: Ball 1-2: Grounds into double play, 4-6-3 (Groundball, 4M, EV 87.5 MPH)
|
| Bottom of the 6th over - 0 runs, 1 hit, 0 errors, 1 left on base; Helena 2 - San Diego (APP) 4 |
| TOP OF THE 7TH |
|
Helena Brewers batting - Pitching for San Diego (APP) Padres : RHP Antonio Reyes
|
|
Batting: RHB Xiao-shuang Au
|
0-0: Called Strike 0-1: Foul Ball, location: 2F 0-2: Ball 1-2: Foul Ball, location: 2F 1-2: Strikes out swinging
|
|
Batting: LHB John Fortin
|
0-0: Ball 1-0: Fly out, F4 (Line Drive, 4, EV 67.5 MPH)
|
|
Batting: RHB Curtis Montgomery
|
0-0: Ball 1-0: Ball 2-0: Ball 3-0: Base on Balls
|
|
Batting: LHB Alex Chairez
|
0-0: Ball 1-0: Called Strike 1-1: Swinging Strike 1-2: Foul Ball, location: 2F 1-2: Strikes out looking
|
| Top of the 7th over - 0 runs, 0 hits, 0 errors, 1 left on base; Helena 2 - San Diego (APP) 4 |
| BOTTOM OF THE 7TH |
|
San Diego (APP) Padres batting - Pitching for Helena Brewers : RHP Junzo Yanagisawa
|
|
Pitching: LHP Brian Rich
|
|
|
Batting: RHB Elias Vences
|
0-0: Ball 1-0: Ball 2-0: SINGLE (Groundball, 34D, EV 100.6 MPH)
|
|
Batting: RHB Alex Collazo
|
0-0: Called Strike 0-1: Fielders Choice at 2nd, 5-4 (Groundball, 56S, EV 88.8 MPH)
|
|
Batting: RHB Devon Dill
|
0-0: Ball 1-0: Ball 2-0: Ball Wild Pitch! Alex Collazo to second 3-0: Intentional Walk
|
|
Batting: LHB Justin Daley
|
0-0: Ball 1-0: Foul Ball, location: 2F 1-1: Swinging Strike 1-2: Strikes out looking
|
|
Batting: RHB Yuusei Narita
|
0-0: Called Strike 0-1: Ball 1-1: Ball Wild Pitch! Alex Collazo to third Devon Dill to second 2-1: Intentional Walk
|
|
Batting: RHB Victor Contreras
|
0-0: Foul Ball, location: 2F 0-1: Called Strike 0-2: Strikes out swinging
|
| Bottom of the 7th over - 0 runs, 1 hit, 0 errors, 3 left on base; Helena 2 - San Diego (APP) 4 |
| TOP OF THE 8TH |
|
Helena Brewers batting - Pitching for San Diego (APP) Padres : RHP Antonio Reyes
|
|
Pinch Hitting: LHB Steven Donovan
|
0-0: Foul Ball, location: 2F 0-1: Called Strike 0-2: Strikes out swinging
|
|
Pitching: RHP Eric Busby
|
|
|
Pinch Hitting: LHB Dusty Bryant
|
0-0: Ball 1-0: Called Strike 1-1: Swinging Strike 1-2: Strikes out swinging
|
|
Batting: RHB Mohammed bin Ubaida
|
0-0: Ball 1-0: Ball 2-0: Foul Ball, location: 2F 2-1: Foul Ball, location: 2F 2-2: Fly out, F8 (Line Drive, 8LD, EV 90.6 MPH)
|
| Top of the 8th over - 0 runs, 0 hits, 0 errors, 0 left on base; Helena 2 - San Diego (APP) 4 |
| BOTTOM OF THE 8TH |
|
San Diego (APP) Padres batting - Pitching for Helena Brewers : LHP Brian Rich
|
|
Now at SS: Lorenzo Diaz
|
|
|
Now in CF: Fumito Sakurai
|
|
|
Now in RF: Steven Donovan
|
|
|
Batting: LHB Ramon Padilla
|
0-0: Called Strike 0-1: Swinging Strike 0-2: Foul Ball, location: 2F 0-2: Strikes out swinging
|
|
Batting: SHB Shawnie Codbucket
|
0-0: Ball 1-0: Ground out 6-3 (Groundball, 6, EV 84.4 MPH)
|
|
Batting: SHB Yu-hsui Lew
|
0-0: Swinging Strike 0-1: Swinging Strike 0-2: Foul Ball, location: 2F 0-2: Strikes out looking
|
| Bottom of the 8th over - 0 runs, 0 hits, 0 errors, 0 left on base; Helena 2 - San Diego (APP) 4 |
| TOP OF THE 9TH |
|
Helena Brewers batting - Pitching for San Diego (APP) Padres : RHP Eric Busby
|
|
Pitching: LHP Manny Santiago
|
|
|
Now at 1B: Ricardo Ortiz
|
|
|
Batting: RHB Frank Pena
|
0-0: Ground out 6-3 (Groundball, 6MD, EV 98.1 MPH)
|
|
Batting: LHB Fumito Sakurai
|
0-0: Called Strike 0-1: Swinging Strike 0-2: Foul Ball, location: 2F 0-2: Strikes out looking
|
|
Batting: RHB Xiao-shuang Au
|
0-0: Called Strike 0-1: Fly out, F9 (Flyball, 89M, EV 92.5 MPH)
|
| Top of the 9th over - 0 runs, 0 hits, 0 errors, 0 left on base; Helena 2 - San Diego (APP) 4 |
|